 Dungeon Crawl Stone Soup version 0.14-a0-953-g9e7f188 (webtiles) character file.

82355 Inkie the Bludgeoner (level 15, -4/135 HPs)
             Began as a Minotaur Fighter on Nov 19, 2013.
             Was a High Priest of Okawaru.
             Slain by Lamia
             ... wielding a +2,+3 vampiric halberd
              (6 damage)
             ... on Level 2 of the Snake Pit on Nov 20, 2013.
             The game lasted 02:48:24 (35227 turns).

Inkie the Bludgeoner (Minotaur Fighter)            Turns: 35227, Time: 02:48:26

HP  -4/135       AC 18     Str 33      XL: 15   Next: 22%
MP  13/17        EV 19     Int  9      God: Okawaru [*****.]
Gold 2483        SH 19     Dex 17      Spells:  2 memorised, 11 levels left

Res.Fire  : . . .   See Invis. : +   i - +1,-1 flail "Schaimia" {vamp, -Tele rElec rC+ Dex+3 Stlth++}
Res.Cold  : + + +   Warding    : .   L - +5 scale mail of the Ecumenical Temple {+Inv Acc+4 SInv Stlth}
Life Prot.: . . .   Conserve   : .   k - +0 orc buckler
Res.Poison: +       Res.Corr.  : .   H - +2 cap of Thee {rPois Str+4}
Res.Elec. : +       Clarity    : .   h - +0 cloak
Sust.Abil.: . .     Spirit.Shd : .   P - +0 pair of gauntlets
Res.Mut.  : .       Prev.Telep.: +   O - -4 pair of boots of Erhupsao {rC++ Int+4 Stlth++ Curse}
Res.Rott. : .       Flight     : .   x - amulet of faith
Saprovore : . . .                    J - +3 ring of strength
                                     y - +3 ring of strength

@: mildly poisoned, heroism, finesse, constricted, somewhat resistant to hostile
enchantments, very stealthy
A: retaliatory headbutt, horns 2, berserk 1, breathe flames 1, fast metabolism 1
a: Heroism, Finesse, Renounce Religion, Breathe Fire, Evoke Invisibility


You were on level 2 of the Snake Pit.
You worshipped Okawaru.
Okawaru was extremely pleased with you.
You were very hungry.

You visited 5 branches of the dungeon, and saw 29 of its levels.

You collected 2667 gold pieces.
You spent 184 gold pieces at shops.

Inventory:

Hand weapons
 c - a +0,+0 orcish flail of holy wrath
 d - a +2,+2 great mace of crushing
 i - the +1,-1 flail "Schaimia" (weapon) {vamp, -Tele rElec rC+ Dex+3 Stlth++}
   (You found it on level 13 of the Dungeon)

   It inflicts no extra harm, but heals its wielder somewhat when it strikes a
   living foe.
   It affects your dexterity (+3).
   It protects you from cold.
   It insulates you from electricity.
   It prevents most forms of teleportation.
   It makes you much more stealthy.
 l - a +0,+0 mace of protection
 o - a +0,+5 flail of crushing
 p - a +2,+3 mace of protection
 t - the +7,-1 mace "Itoivye" {venom, Str+3 Dex+3}
   (Okawaru gifted it to you on level 4 of the Orcish Mines)

   It poisons the flesh of those it strikes.
   It affects your strength (+3).
   It affects your dexterity (+3).
Armour
 h - a +0 cloak (worn)
 k - a +0 orcish buckler (worn)
 H - the +2 cap of Thee (worn) {rPois Str+4}
   (Okawaru gifted it to you on level 11 of the Dungeon)

   It affects your strength (+4).
   It protects you from poison.
 L - the +5 scale mail of the Ecumenical Temple (worn) {+Inv Acc+4 SInv Stlth}
   (You found it on level 8 of the Dungeon)

   It affects your accuracy (+4).
   It enhances your eyesight.
   It lets you turn invisible.
   It makes you more stealthy.
 O - the -4 pair of boots of Erhupsao (worn) {rC++ Int+4 Stlth++ Curse}
   (You bought it in a shop on level 8 of the Dungeon)

   It affects your intelligence (+4).
   It greatly protects you from cold.
   It may recurse itself.
   It makes you much more stealthy.
 P - a +0 pair of gauntlets (worn)
Magical devices
 D - a wand of fire (7)
 F - a wand of polymorph (10)
 Q - a wand of heal wounds (0)
 U - a wand of disintegration (8)
Comestibles
 m - a pear
 r - 2 apples
 z - 3 meat rations
 E - 2 rotting chunks of naga flesh
 R - 4 strawberries
Scrolls
 b - 10 scrolls of remove curse
 e - 6 scrolls of identify
 f - a scroll of amnesia
 g - a scroll of fog
 u - 6 scrolls of teleportation
 B - 2 scrolls of fear
 G - a scroll of enchant armour
 N - 2 scrolls of blinking
 X - a scroll of summoning
Jewellery
 w - an uncursed ring of protection from magic
 x - an amulet of faith (around neck)
 y - a +3 ring of strength (left hand)
 J - a +3 ring of strength (right hand)
Potions
 a - a potion of might
 j - 5 potions of restore abilities
 n - 6 potions of curing
 A - a potion of flight {unknown}
 C - 2 potions of brilliance
Miscellaneous
 q - a stone of tremors (inert)
 s - a plain deck of wonders


   Skills:
 - Level 15.0(20.0) Fighting
 + Level 20.0(25.0) Maces & Flails
 - Level 10.0(15.0) Armour
 - Level 8.1(13.1) Dodging
 - Level 13.6(18.6) Shields
 - Level 5.1 Invocations


You had 11 spell levels left.
You knew the following spells:

 Your Spells              Type           Power        Failure   Level  Hunger
a - Blink                 Tloc           N/A          69%         2    ###....
b - Apportation           Tloc           #.........   43%         1    ##.....


Dungeon Overview and Level Annotations

Branches:
Dungeon (14/16)            Temple (1/1) D:7             Orc (4/4) D:11
    Elf (0/3) Orc:3          Lair (8/8) D:13          Swamp (0/5) Lair:6
  Snake (2/5) Lair:5        Slime (0/6) Lair:6

Altars:
Ashenzari
Cheibriados
Elyvilon
Fedhas
Kikubaaqudgha
Makhleb
Nemelex Xobeh
Okawaru
Sif Muna
Trog
Vehumet
Xom
Yredelemnul
Zin
the Shining One
Beogh
Jiyva

Shops:
D:8 [   Orc:4 /}%!

Annotations:
Lair:5 snake pit
Lair:6 slime pits
Snake:2 Lamia


Innate Abilities, Weirdness & Mutations

You reflexively headbutt those who attack you in melee.
You have a pair of horns on your head.
You tend to lose your temper in combat.
You can breathe flames.
You have a fast metabolism.


Message History

Lamia is moderately wounded.
Lamia gestures at you while chanting. The poison arrow hits you!
You are poisoned.
You partially resist.
* * * LOW HITPOINT WARNING * * *
Lamia constricts you.
You hit Lamia. Your headbutt misses Lamia.
Lamia is moderately wounded.
* * * LOW HITPOINT WARNING * * *
You feel sick.
That item cannot be evoked!
Evoke which item? (* to show all) (? for menu, Esc to quit)
The dungeon trembles and rubble falls from the walls!
The falling rubble misses Lamia.
The rubble rises up and takes form.
Lamia points at you and mumbles some strange words.
You block the poison arrow.
* * * LOW HITPOINT WARNING * * *
Lamia constricts you. You block Lamia's attack.
You die...

#...............
#............... ##
#..............#
.##................
.#........?.......
.................
#...............
#..N............
##@#####......%#
#.# ######## #..
#.## ..# ..# #..
#.# .E.


You could see Lamia and a friendly earth elemental.

Vanquished Creatures
  6 hydras
  Fannar (D:11)
  Josephine (D:10)
  3 anacondas
  The ghost of Wolfram the Severer, a powerful HOFi of Okawaru (Lair:2)
  Erica (D:11)
  4 ogre magi (Orc:4)
  An orc high priest (Orc:2)
  2 centaur warriors (D:13)
  10 death yaks
  4 naga warriors (Snake:1)
  Nergalle (D:12)
  A catoblepas (Lair:8)
  Erolcha (D:8)
  An unseen horror (D:10)
  A giant amoeba (D:12)
  7 hill giants
  Joseph (D:8)
  4 orc sorcerers
  An octopode (D:13)
  Maurice (Orc:1)
  2 cyclopes
  A feature mimic (D:13)
  8 black mambas
  9 spiny frogs
  4 naga magi (Snake:1)
  3 trolls
  A spriggan (D:7)
  17 two-headed ogres
  7 polar bears
  7 komodo dragons
  Prince Ribbit (D:6)
  A boulder beetle (Lair:5)
  A fire drake (Lair:4)
  2 hydra skeletons (D:10)
  13 slime creatures
  A trapdoor spider zombie (D:7)
  5 basilisks
  11 grizzly bears (Lair:8)
  14 blink frogs
  2 shadows
  3 elephant slugs
  A hill giant zombie (D:12)
  A shark (D:13)
  A yak (shapeshifter) (D:13)
  23 yaks
  A wraith (D:13)
  2 hungry ghosts
  5 hippogriffs
  3 vampire mosquitoes
  A vampire (D:14)
  A mottled dragon (D:13)
  Edmund (D:6)
  Menkaure (D:6)
  A wolf (Orc:3)
  A manticore (D:11)
  2 necrophages
  2 sky beasts
  25 nagas
  23 orc warriors
  6 black bears
  A yellow wasp (D:10)
  3 ice beasts
  A lava worm (Orc:3)
  10 porcupines
  A boring beetle (Lair:8)
  7 crocodiles
  31 ogres
  A hill giant simulacrum (D:10)
  8 centaurs
  8 giant slugs
  3 wargs
  A brain worm (D:12)
  12 giant frogs
  A phantom (D:14)
  14 water moccasins
  A manticore zombie (D:11)
  Blork the orc (D:9)
  A gnoll sergeant (D:9)
  4 agate snails
  A big kobold (D:12)
  A cyclops skeleton (D:12)
  An eye of draining (D:12)
  2 hippogriff zombies
  A troll zombie (D:12)
  3 electric eels (Lair:6)
  8 wights
  15 killer bees
  A lava fish (Orc:3)
  2 lava snakes (Orc:3)
  2 goliath beetles
  2 giant frog skeletons
  5 jellies
  9 crimson imps
  29 orc wizards
  A soldier ant zombie (D:9)
  5 iguanas
  Crazy Yiuf (D:3)
  3 scorpions
  30 orc priests
  5 hounds
  12 worker ants
  16 sheep
  3 big kobold zombies
  Jessica (D:3)
  An ogre zombie (D:5)
  An ogre skeleton (D:6)
  A hound zombie (D:8)
  23 adders
  8 gnolls
  17 green rats
  2 giant centipedes
  A worm zombie (D:5)
  4 giant mites
  4 worms
  A giant eyeball (D:9)
  6 giant geckos
  191 orcs
  2 bat skeletons (D:5)
  8 giant cockroaches
  23 hobgoblins
  12 jackals
  10 quokkas
  2 ball pythons
  16 bats
  5 giant newts
  A giant spore (D:13)
  16 goblins
  2 hobgoblin skeletons
  15 kobolds
  An orc skeleton (D:10)
  An orc zombie (D:6)
  17 rats
  A rat skeleton (D:4)
  34 ballistomycetes
961 creatures vanquished.

Vanquished Creatures (others)
  A black mamba (Snake:2)
  2 vampire mosquitoes (D:12)
  A centaur (D:11)
  A water moccasin (Snake:2)
  An orc wizard (D:6)
  An orc (Orc:2)
  4 giant spores
  A goblin (Orc:3)
  2 ballistomycetes (D:9)
  4 fungi
  6 plants
24 creatures vanquished.

Grand Total: 985 creatures vanquished

Notes
Turn   | Place    | Note
--------------------------------------------------------------
     0 | D:1      | Inkie, the Minotaur Fighter, began the quest for the Orb.
     0 | D:1      | Reached XP level 1. HP: 19/19 MP: 0/0
   237 | D:1      | Reached skill level 4 in Fighting
   319 | D:1      | Reached XP level 2. HP: 24/27 MP: 0/0
  1167 | D:2      | Found a white marble altar of Elyvilon.
  1170 | D:2      | Found a deep blue altar of Sif Muna.
  1173 | D:2      | Found a shattered altar of Ashenzari.
  1196 | D:2      | Reached XP level 3. HP: 33/33 MP: 1/1
  1624 | D:3      | Noticed Jessica
  1642 | D:3      | Killed Jessica
  1642 | D:3      | Reached skill level 5 in Shields
  1642 | D:3      | Reached XP level 4. HP: 40/40 MP: 1/1
  2263 | D:3      | Noticed Crazy Yiuf
  2367 | D:4      | Noticed a hungry ghost
  2395 | D:4      | Killed a hungry ghost
  2395 | D:4      | Reached skill level 6 in Maces & Flails
  2395 | D:4      | Reached XP level 5. HP: 25/46 MP: 1/1
  2636 | D:4      | Noticed an ogre
  2644 | D:4      | Killed an ogre
  2644 | D:4      | Reached XP level 6. HP: 26/53 MP: 2/2
  2654 | D:4      | Got a shimmering falchion
  2655 | D:4      | Identified the cursed -2,-2 falchion of Duty {pain, Str-3} (You found it on level 4 of the Dungeon)
  2655 | D:4      | Identified the cursed -2,-2 falchion of Duty {pain, Str-3} (You found it on level 4 of the Dungeon)
  3316 | D:3      | Paralysed by a potion of paralysis for 6 turns
  3408 | D:4      | Reached skill level 5 in Fighting
  3755 | D:5      | Entered Level 5 of the Dungeon
  4016 | D:5      | Reached XP level 7. HP: 34/61 MP: 2/2
  4344 | D:5      | Reached skill level 7 in Fighting
  5165 | D:5      | Reached skill level 8 in Maces & Flails
  5253 | D:6      | Noticed Prince Ribbit
  5408 | D:6      | Noticed Edmund
  5408 | D:6      | Noticed Menkaure
  5421 | D:6      | Killed Menkaure
  5421 | D:6      | Reached XP level 8. HP: 51/70 MP: 2/2
  5437 | D:6      | Killed Edmund
  5437 | D:6      | Reached skill level 9 in Maces & Flails
  5648 | D:6      | Killed Prince Ribbit
  5648 | D:6      | Reached skill level 10 in Maces & Flails
  6324 | D:6      | Reached skill level 11 in Maces & Flails
  6485 | D:6      | Found a roughly hewn altar of Beogh.
  6616 | D:7      | Got a citrine-encrusted chain mail
  6635 | D:7      | Identified the +2 chain mail "Zackyamn" {rC+ Stlth++} (You found it on level 7 of the Dungeon)
  6677 | D:7      | Found a staircase to the Ecumenical Temple.
  6682 | Temple   | Entered the Ecumenical Temple
  7014 | Temple   | Became a worshipper of Warmaster Okawaru
  7198 | D:3      | Killed Crazy Yiuf
  7536 | D:7      | Reached XP level 9. HP: 77/77 MP: 3/3
  7642 | D:7      | Reached skill level 12 in Maces & Flails
  7811 | D:7      | Noticed a spriggan baker
  7816 | D:7      | Killed a spriggan baker
  7888 | D:7      | Acquired Okawaru's first power
  7910 | D:8      | Noticed Erolcha
  8141 | D:8      | Reached skill level 13 in Maces & Flails
  8163 | D:8      | Found a shimmering altar of Xom.
  8251 | D:8      | Killed Erolcha
  8535 | D:8      | Noticed Joseph
  8539 | D:8      | Reached skill level 14 in Maces & Flails
  8554 | D:8      | Killed Joseph
  8558 | D:8      | Got a fine scale mail
  8578 | D:8      | Identified the +5 scale mail of the Ecumenical Temple {+Inv Acc+4 SInv Stlth} (You found it on level 8 of the Dungeon)
  8647 | D:8      | Noticed a seven-headed hydra
  8887 | D:8      | Found Cemp's Antique Armour Emporium.
  8903 | D:8      | Bought a pair of twisted boots for 156 gold pieces
  8906 | D:8      | Identified the cursed -4 pair of boots of Erhupsao {rC++ Int+4 Stlth++ Curse} (You bought it in a shop on level 8 of the Dungeon)
  8909 | D:8      | Learned a level 2 spell: Blink
  8911 | D:8      | Learned a level 1 spell: Apportation
  8911 | D:8      | Bought a pair of gauntlets for 28 gold pieces
  9276 | D:9      | Reached XP level 10. HP: 73/84 MP: 1/3
  9467 | D:9      | Noticed Blork the orc
  9473 | D:9      | Killed Blork the orc
  9886 | D:10     | Entered Level 10 of the Dungeon
 10031 | D:10     | Noticed Josephine
 10116 | D:10     | Noticed an unseen horror
 10137 | D:10     | Killed an unseen horror
 10137 | D:10     | Reached skill level 10 in Shields
 10782 | D:10     | Killed Josephine
 10782 | D:10     | Acquired Okawaru's second power
 11517 | D:11     | Reached XP level 11. HP: 75/90 MP: 3/3
 11716 | D:11     | Found a staircase to the Orcish Mines.
 11718 | D:11     | Noticed Fannar
 11741 | D:11     | Killed Fannar
 12110 | D:11     | Received a gift from Okawaru
 12113 | D:11     | Got a steaming cap {god gift}
 12116 | D:11     | Identified the +2 cap of Thee {rPois Str+4} (Okawaru gifted it to you on level 11 of the Dungeon)
 12499 | D:11     | Noticed Erica
 12514 | D:11     | Killed Erica
 12544 | D:12     | Noticed Nergalle
 12544 | D:12     | Noticed a hill giant
 13126 | D:11     | Killed a hill giant
 13311 | D:12     | Killed Nergalle
 13311 | D:12     | Reached skill level 10 in Fighting
 13473 | D:12     | Noticed a hill giant
 13482 | D:12     | Killed a hill giant
 13700 | D:12     | Noticed a giant amoeba
 14149 | D:12     | Killed a giant amoeba
 14386 | D:12     | Noticed a hill giant
 14404 | D:12     | Killed a hill giant
 14422 | D:12     | Received a gift from Okawaru
 14422 | D:12     | Reached XP level 12. HP: 60/107 MP: 2/4
 15529 | D:13     | Got a steaming flail
 15531 | D:13     | Identified the cursed +1,-1 flail "Schaimia" {vamp, -Tele rElec rC+ Dex+3 Stlth++} (You found it on level 13 of the Dungeon)
 15955 | D:13     | Upgraded the game from 0.14-a0-942-gbd853f2 to 0.14-a0-953-g9e7f188
 18758 | D:14     | Reached skill level 15 in Maces & Flails
 19354 | D:13     | Reached skill level 1 in Dodging
 19394 | D:13     | HP: 4/110 [centaur/arrow[a centaur warrior] (12)]
 19822 | D:13     | Found a staircase to the Lair.
 19832 | Lair:1   | Entered Level 1 of the Lair of Beasts
 19874 | Lair:1   | Reached skill level 5 in Armour
 20776 | Lair:1   | Noticed a four-headed hydra
 20784 | Lair:1   | Killed a four-headed hydra
 21426 | Lair:2   | Noticed Wolfram's ghost (powerful HOFi)
 22886 | Lair:4   | Reached skill level 5 in Dodging
 22912 | Lair:4   | Reached XP level 13. HP: 102/116 MP: 4/4
 22959 | Lair:5   | Found a staircase to the Snake Pit.
 22997 | Lair:5   | Received a gift from Okawaru
 24103 | Lair:5   | Received a gift from Okawaru
 24151 | Lair:6   | Found a staircase to the Slime Pits.
 24151 | Lair:6   | Found a viscous altar of Jiyva.
 24267 | Lair:6   | Reached skill level 10 in Armour
 24312 | Lair:6   | Found a staircase to the Swamp.
 25771 | Lair:7   | Reached skill level 16 in Maces & Flails
 25909 | Lair:8   | Entered Level 8 of the Lair of Beasts
 25921 | Lair:8   | Received a gift from Okawaru
 26317 | Lair:8   | Reached skill level 17 in Maces & Flails
 26327 | Lair:8   | Received a gift from Okawaru
 26327 | Lair:8   | Reached skill level 1 in Invocations
 26330 | Lair:8   | Reached XP level 14. HP: 125/125 MP: 3/7
 26655 | Lair:8   | Reached skill level 5 in Invocations
 26672 | Lair:8   | Gained mutation: You can breathe flames. [potion of mutation]
 26672 | Lair:8   | Gained mutation: You have a fast metabolism. [potion of mutation]
 26672 | Lair:8   | Gained mutation: You tend to lose your temper in combat. [potion of mutation]
 27053 | Lair:2   | Received a gift from Okawaru
 27056 | Lair:2   | Got an encrusted leather armour {god gift}
 27149 | Lair:2   | Identified Preapafi's Papyrus of Earth
 27464 | Lair:2   | Killed Wolfram's ghost
 27719 | Lair:3   | Identified the +3 leather armour of Toho {Str+4 Dex+4 Curse} (Okawaru gifted it to you on level 2 of the Lair of Beasts)
 28545 | Orc:1    | Entered Level 1 of the Orcish Mines
 28848 | Orc:2    | Reached skill level 15 in Fighting
 29037 | Orc:2    | Paralysed by an orc sorcerer for 3 turns
 29398 | Orc:3    | Found a staircase to the Elven Halls.
 29433 | Orc:3    | Found a roughly hewn altar of Beogh.
 30204 | Orc:4    | Entered Level 4 of the Orcish Mines
 30464 | Orc:4    | Reached skill level 18 in Maces & Flails
 30746 | Orc:4    | Received a gift from Okawaru
 30755 | Orc:4    | Got a shimmering mace {god gift}
 30784 | Orc:4    | Identified the +7,-1 mace "Itoivye" {venom, Str+3 Dex+3} (Okawaru gifted it to you on level 4 of the Orcish Mines)
 30790 | Orc:4    | Found Stapp's Gadget Shop.
 30790 | Orc:4    | Found Twugil's Distillery.
 30794 | Orc:4    | Found Junluq Nithri's Magical Wand Emporium.
 30794 | Orc:4    | Found Raplaeb's Food Shop.
 32094 | Orc:1    | Noticed Maurice
 32141 | Orc:1    | Killed Maurice
 32912 | Snake:1  | Entered Level 1 of the Snake Pit
 32983 | Snake:1  | Reached skill level 19 in Maces & Flails
 33209 | Snake:1  | Received a gift from Okawaru
 33493 | Snake:1  | Reached XP level 15. HP: 43/135 MP: 17/17
 35189 | Snake:2  | Noticed Lamia
 35214 | Snake:2  | Reached skill level 20 in Maces & Flails
 35225 | Snake:2  | HP: 5/135 [Lamia/vampiric halberd (3)]
 35227 | Snake:2  | HP: 2/135 [Lamia/vampiric halberd (3)]
 35227 | Snake:2  | Slain by Lamia

Action                   |  1- 3 |  4- 6 |  7- 9 | 10-12 | 13-15 || total
-------------------------+-------+-------+-------+-------+-------++-------
Melee: Mace              |    89 |   120 |    90 |       |    11 ||   310
       Falchion          |       |    28 |       |       |       ||    28
       Flail             |       |       |   267 |   788 |  1586 ||  2641
       Unarmed           |       |       |       |   341 |   218 ||   559
Invok: Heroism           |       |       |     1 |    14 |    18 ||    33
       Finesse           |       |       |       |       |    11 ||    11
Evoke: Wand              |       |     1 |       |    20 |     6 ||    27
       Deck              |       |       |       |     9 |       ||     9
       stone of tremors  |       |       |       |       |     1 ||     1
  Use: Scroll            |       |    11 |     4 |    19 |    13 ||    47
       Potion            |       |     5 |     2 |     8 |     6 ||    21
 Stab: Sleeping          |       |       |     1 |    11 |    18 ||    30
       Distracted        |       |       |       |     2 |     2 ||     4
       Confused          |       |       |       |     1 |       ||     1
